 Dungeon Crawl Stone Soup version 0.24-a0-218-ga595e75 (webtiles) character file.

Game seed: 15450109829194701355

189 Inarius the Skirmisher (level 5, -5/42 HPs)
             Began as a Demonspawn Abyssal Knight on Mar 30, 2019.
             Was a Follower of Lugonu.
             Splashed by Ijyb's acid (17 damage)
             ... on level 3 of the Dungeon.
             The game lasted 00:04:05 (2860 turns).

Inarius the Skirmisher (Demonspawn Abyssal Knight)  Turns: 2860, Time: 00:04:08

Health: -5/42      AC:  2    Str: 18    XL:     5   Next: 40%
Magic:  7/7        EV: 12    Int: 13    God:    Lugonu [*.....]
Gold:   140        SH:  0    Dex: 12    Spells: 4/4 levels left

rFire    + . .     SeeInvis .   a - +1 hand axe
rCold    . . .     Gourm    .   (no shield)
rNeg     . . .     Faith    .   b - +0 leather armour
rPois    .         Spirit   .   (no helmet)
rElec    .         Reflect  .   (no cloak)
rCorr    .         Harm     .   (no gloves)
MR       .....                  m - +0 pair of boots
Stlth    +.........             (no amulet)
HPRegen  0.14/turn              (no ring)
MPRegen  0.10/turn              (no ring)

@: corroded
A: slimy green scales 1, fire resistance 1, strong 2, flame cloud immunity
a: Depart the Abyss, Renounce Religion


You were on level 3 of the Dungeon.
You worshipped Lugonu.
Lugonu was aware of your devotion.
You were very hungry.

You visited 1 branch of the dungeon, and saw 4 of its levels.
You visited the Abyss 1 time.

You collected 140 gold pieces.

Inventory:

Hand Weapons
 a - a +1 hand axe (weapon)
Armour
 b - a +0 leather armour (worn)
 m - a +0 pair of boots (worn)
Wands
 t - a wand of iceblast (4)
Scrolls
 d - 6 scrolls of random uselessness {unknown}
 e - a scroll of amnesia {unknown}
 f - 2 scrolls of teleportation {unknown}
 g - 2 scrolls of remove curse {unknown}
 h - 4 scrolls of identify {unknown}
 j - a scroll of fear {unknown}
 l - a scroll of enchant weapon {unknown}
 o - a scroll of blinking {unknown}
Potions
 i - a potion of curing {unknown}
 k - a potion of mutation
 n - 2 potions of brilliance {unknown}
 p - a potion of haste {unknown}
 q - a potion of flight {unknown}
 r - a potion of heal wounds {unknown}
 s - a potion of lignification
Comestibles
 c - 5 rations


   Skills:
 + Level 4.0 Fighting
 * Level 3.5 Axes
 * Level 2.5 Armour
 + Level 1.7 Dodging
 - Level 0.4 Stealth
 * Level 2.8 Invocations


You had 4 spell levels left.
You didn't know any spells.
Your spell library was empty.

Dungeon Overview and Level Annotations

Branches:
Dungeon (4/15)
 Temple: D:4-7

Altars:
Ashenzari
Dithmenos
Vehumet

Annotations:
D:3 Ijyb


Innate Abilities, Weirdness & Mutations

You are partially covered in slimy green scales. (AC +2)
Your flesh is heat resistant. (rF+)
You are immune to clouds of flame.
Your muscles are very strong. (Str +4)


Message History

The ball python hisses angrily.
You closely miss Ijyb. Ijyb hits you but does no damage.
You barely miss Ijyb. Ijyb closely misses you.
You barely miss Ijyb. Ijyb closely misses you.
You hit Ijyb.
Ijyb is lightly wounded.
Ijyb hits you but does no damage.
You closely miss Ijyb.
Ijyb is lightly wounded.
Ijyb closely misses you.
You hit Ijyb.
Ijyb is heavily wounded.
Ijyb zaps a wand.
The bolt of acid misses you.
You closely miss Ijyb.
Ijyb is heavily wounded.
Ijyb zaps a wand.
The bolt of acid hits you.
You are splashed with acid!
Ijyb zaps a wand.
The bolt of acid hits you!
* * * LOW HITPOINT WARNING * * *
The acid corrodes you!
You are splashed with acid!
You die...

.....8.........8.....#.#
......................#.#
......8.......8........#.#
........................#.#
.........................##
.#########.#######.#..####
.# #.#######.##.# ##
#.........# #######@### #g#
#S# #.# ###### #.# #.
...>.## ##### #.# ##.#
##### ###.#.####<..#
#.###...#####...##
...###.....#.#
#.................
###.#.####...#
#...#...#....)


You could see Ijyb and a ball python.

Vanquished Creatures
  A phantom (D:3)
  An orc priest (D:3)
  A worker ant (D:3)
  An ooze (D:1)
  2 leopard geckos (D:2)
  4 orcs (D:3)
  4 bats
  A giant cockroach (D:3)
  3 hobgoblins
  4 jackals (D:2)
  A quokka (D:2)
  A frilled lizard (D:1)
  7 goblins
  4 kobolds
  5 rats (D:1)
40 creatures vanquished.

Notes
Turn   | Place    | Note
-------+----------+-------------------------------------------
     0 | Abyss:1  | Inarius the Demonspawn Abyssal Knight began the quest for
                  | the Orb.
     0 | Abyss:1  | Reached XP level 1. HP: 18/18 MP: 2/2
    40 | Abyss:1  | Noticed a neqoxec
    42 | D:1      | Escaped the Abyss
   297 | D:1      | Gained mutation: Your flesh is heat resistant. (rF+)
                  | [demonic ancestry]
   297 | D:1      | Reached XP level 2. HP: 23/24 MP: 3/3
   544 | D:1      | Reached skill level 1 in Dodging
  1125 | D:2      | Found a shattered altar of Ashenzari.
  1164 | D:2      | Reached XP level 3. HP: 21/30 MP: 4/4
  1251 | D:2      | Reached * piety under Lugonu
  1829 | D:3      | Found a radiant altar of Vehumet.
  2114 | D:3      | Gained mutation: You are partially covered in slimy green
                  | scales. (AC +2) [demonic ancestry]
  2114 | D:3      | Reached XP level 4. HP: 5/37 MP: 5/5
  2388 | D:3      | Found a shadowy altar of Dithmenos.
  2469 | D:3      | Noticed a phantom
  2479 | D:3      | Gained mutation: Your mind is acute. (Int +2) [potion of
                  | mutation]
  2479 | D:3      | Lost mutation: Your mind is acute. (Int +2) [potion of
                  | mutation]
  2479 | D:3      | Gained mutation: Your muscles are strong. (Str +2) [potion
                  | of mutation]
  2479 | D:3      | Gained mutation: Your muscles are very strong. (Str +4)
                  | [potion of mutation]
  2557 | D:3      | Killed a phantom
  2557 | D:3      | Reached skill level 4 in Fighting
  2557 | D:3      | Gained mutation: You are immune to clouds of flame.
                  | [demonic ancestry]
  2557 | D:3      | Reached XP level 5. HP: 23/42 MP: 5/7
  2852 | D:3      | Noticed Ijyb
  2860 | D:3      | Splashed by Ijyb's acid

Levels and vault maps discovered:
D:1:      psy_arrival_radial02, layout_basic, minmay_misc_feat_rows
D:2:      layout_loops_ring, nicolae_ashenzari_panopticon, first_ration
D:3:      wad_pebble_path, layout_loops_ring, vehumet_crystals,
          grunt_dithmenos_smoke, uniq_ijyb
D:4:      cheibrodos_fertilizer, layout_cave_pods, tso_metal_star
Abyss:1

Skill      XL: |  1  2  3  4 |
---------------+-------------+-----
Axes           | 2 3 |  3.5
Dodging        | 1 |  1.7
Armour         | 2 |  2.5
Fighting       | 4 |  4.0
Stealth        | |  0.4
Invocations    | |  2.8

Action                   |  1- 3 |  4- 6 || total
-------------------------+-------+-------++-------
Melee: Hand axe          |   119 |    49 ||   168
Invok: Depart the Abyss  |     1 |       ||     1
  Use: Potion            |       |     2 ||     2
 Stab: Sleeping          |     2 |       ||     2
  Eat: Chunk             |     4 |     1 ||     5
Armor: Leather armour    |    29 |     7 ||    36
       Skin              |       |     8 ||     8
Dodge: Dodged            |    80 |    19 ||    99

Table legend:
 A = Non-vault XP
 B = Vault XP
 C = Vault XP percentage of total XP
 D = Non-vault monster count
 E = Vault monster count
 F = Vault count percentage of total count
                 A         B        C        D         E       F
            +---------+---------+-------+---------+---------+-------
      Total |     270 |       0 |   0.0 |      40 |       0 |   0.0
            +---------+---------+-------+---------+---------+-------
        D:1 |      28 |       0 |   0.0 |      16 |       0 |   0.0
        D:2 |      29 |       0 |   0.0 |      14 |       0 |   0.0
        D:3 |     213 |       0 |   0.0 |      10 |       0 |   0.0
            +---------+---------+-------+---------+---------+-------
